 Dungeon Crawl Stone Soup version 0.30.1-11-g7821555f0a (webtiles) character file.

Game seed: 3686475832702938804

62 MaeNyx the Trooper (level 4, 0/49 HPs)
             Began as an Ogre Berserker on Jan 8, 2024.
             Was a Believer of Trog.
             Succumbed to a kobold's poison
             ... on level 3 of the Dungeon.
             The game lasted 00:15:38 (1526 turns).

MaeNyx the Trooper (Ogre Berserker)                 Turns: 1526, Time: 00:15:39

Health: 0/49       AC:  5    Str: 22 (23) XL:     4   Next: 8%
Magic:  4/4        EV:  9    Int:  6 (8)  God:    Trog [**....]
Gold:   57         SH:  0    Dex:  5 (8)  Spells: 3/3 levels left

rFire   . . .        q - +0 great mace
rCold   . . .        (shield currently unavailable)
rNeg    . . .        b - +0 animal skin
rPois   .            (helmet restricted)
rElec   .            r - +1 cloak
rCorr   .            (gloves unavailable)
SInv    .            (boots unavailable)
Will    .....        (no amulet)
Stlth   +            (no ring)
HPRegen 0.28/turn    (no ring)
MPRegen 0.09/turn

%: no passive effects
@: lethally poisoned (0 -> -9)
A: large, unfitting armour, tough skin 1
a: Renounce Religion, Berserk, Trog's Hand


You were on level 3 of the Dungeon.
You worshipped Trog.
Trog was pleased with you.
You visited 1 branch of the dungeon, and saw 3 of its levels.

You collected 57 gold pieces.

Inventory:

Hand Weapons
 a - a +0 hand axe
 c - a +0 club
 e - a +0 dagger
 f - a +0 club
 g - a +0 short sword
 h - a +0 sling
 i - a +0 war axe
 q - a +0 great mace (weapon)
Missiles
 k - 3 poisoned darts (quivered)
Armour
 b - a +0 animal skin (worn)
 j - a +0 pair of gloves
 m - a +0 ring mail
 r - a +1 cloak (worn)
Scrolls
 o - a scroll of identify
Potions
 d - 2 potions of flight


   Skills:
 + Level 4.8 Fighting
 + Level 3.8(3.9) Axes
 + Level 0.4(2.2) Maces & Flails
 + Level 3.1 Dodging
 + Level 0.1 Stealth


You had 3 spell levels left.
You didn't know any spells.
Your spell library was empty.

Dungeon Overview and Level Annotations

Branches:
Dungeon (3/15)

Altars:
Yredelemnul


Innate Abilities, Weirdness & Mutations

You are too large for most types of armour.
You have tough skin. (AC +1)


Message History

* * * LOW HITPOINT WARNING * * *
The orc closely misses you.
You have reached level 4!
Unknown command.
It was a potion of heal wounds.
You feel much better. The endoplasm misses you.
The orc hits you with a +0 short sword.
You closely miss the orc. The endoplasm barely misses you.
The orc hits you with a +0 short sword.
You barely miss the orc. The orc hits you with a +0 short sword.
The endoplasm barely misses you. x2; The orc hits you with a +0 short sword.
You hit the orc.
The orc is heavily wounded.
The orc hits you with a +0 short sword. The endoplasm barely misses you. x2
The orc closely misses you.
You sock the orc!
You kill the orc!
Trog accepts your kill. The endoplasm closely misses you.
You barely miss the kobold. The kobold completely misses you.
The endoplasm barely misses you. The kobold hits you but does no damage.
You are poisoned.
The endoplasm freezes you.
You are frozen.
You closely miss the kobold.
You feel very sick.
The kobold hits you with a +2 dagger of venom.
* * * LOW HITPOINT WARNING * * *
You are lethally poisoned!
The endoplasm hits you but does no damage.
You hit the kobold.
The kobold is severely wounded.
* * * LOW HITPOINT WARNING * * *
You feel very sick. The kobold barely misses you.
The endoplasm hits you but does no damage.
The endoplasm misses you. The kobold barely misses you.
You hit the kobold.
You kill the kobold!
Trog accepts your kill.
You die...

#.#.##.### .#
#........## .# #
#.P.P..###.#
#∩####.._.......#
...#.P.P..##..#
##.#.....###).# #.#####
#.....#.##....#
......r##.....#.##.#.##
......l)@.)...#.##....#
...##..J#...>.#.......#
8......#.....#######.#
........####### #.#
...8..#.# #.# ........#
#.# .8.#.#### #.# ..##.
########.# #.....<..#


You could see an endoplasm, a frilled lizard and a rat.

Vanquished Creatures
  3 worms
  A dart slug (D:1)
  4 orcs (D:3)
  4 ball pythons
  2 bats
  2 endoplasms (D:1)
  5 hobgoblins
  5 jackals
  A quokka (D:1)
  3 frilled lizards
  5 goblins
  5 kobolds
  4 rats
44 creatures vanquished.

Notes
Turn   | Place    | Note
-------+----------+-------------------------------------------
     0 | D:1      | MaeNyx the Ogre Berserker began the quest for the Orb.
     0 | D:1      | Reached XP level 1. HP: 24/24 MP: 1/1
   328 | D:1      | Reached XP level 2. HP: 32/32 MP: 2/2
   663 | D:1      | Reached XP level 3. HP: 36/40 MP: 3/3
   848 | D:2      | Reached ** piety under Trog
  1485 | D:3      | Found a basalt altar of Yredelemnul.
  1518 | D:3      | Reached XP level 4. HP: 7/49 MP: 4/4
  1525 | D:3      | HP: 2/49 [poisoned by a kobold]
  1526 | D:3      | Succumbed to a kobold's poison

Illustrated notes

Levels and vault maps discovered:
D:1:      noname_arrival_rooms_in_the_neighbourhood, layout_basic
D:2:      layout_basic, minmay_misc_feat_x, chequers_serial_rivers_micro_e,
          minmay_misc_feat_rugged, kennysheep_potato
D:3:      layout_loops_cross, yredelemnul_altar_generic,
          ebering_ecumenical_altar_hall, nrook_mini_vaults, grunt_ministairs_2,
          ebering_dispersal_statue_hall, uniq_robin

Skill      XL: |  1  2 |
---------------+-------+-----
Dodging        | 3 |  3.1
Fighting       | |  4.8
Axes           | |  3.8
Maces & Flails | |  0.4
Stealth        | |  0.1

Action                     |  1- 3 |  4- 6 || total
---------------------------+-------+-------++-------
  Melee: Hand axe          |    36 |       ||    36
         War axe           |    60 |       ||    60
         Punch             |     1 |       ||     1
         Great mace        |    19 |     8 ||    27
  Throw: Dart              |     1 |       ||     1
 Invoke: Berserk           |     1 |       ||     1
    Use: Scroll            |     3 |       ||     3
         Potion            |     1 |     1 ||     2
 Armour: Animal skin       |    45 |     3 ||    48
  Dodge: Dodged            |    69 |    13 ||    82
